 Dungeon Crawl Stone Soup version 0.31-a0-1576-ga3383bade6 (webtiles) character file.

Game seed: 17965075115241574906

164 Warped the Shooter (level 5, -2/41 HPs)
             Began as a Demigod Hunter on Jan 5, 2024.
             Killed from afar by an orc wizard (9 damage)
             ... with a magic dart
             ... on level 3 of the Dungeon.
             The game lasted 00:05:12 (1471 turns).

Warped the Shooter (Demigod Hunter)                 Turns: 1471, Time: 00:05:14

Health: -2/41      AC:  7    Str: 22    XL:     5   Next: 0%
Magic:  16/16      EV: 10    Int: 11    God:
Gold:   88         SH:  0    Dex: 17    Spells: 4/4 levels left

rFire   . . .        a - +0 shortbow
rCold   . . .        (shield currently unavailable)
rNeg    . . .        q - +0 scale mail
rPois   .            v - +0 helmet
rElec   .            (no cloak)
rCorr   .            (no gloves)
SInv    .            (no boots)
Will    .....        n - amulet of regeneration Stlth
                     j - ring of magical power
HPRegen 1.06/turn    t - +6 ring of strength
MPRegen 0.15/turn

%: no passive effects
@: attractive
A: high MP 1, forlorn, divine attributes
a: no special abilities


You were on level 3 of the Dungeon.
You visited 1 branch of the dungeon, and saw 3 of its levels.

You collected 88 gold pieces.

Inventory:

Hand Weapons
 a - a +0 shortbow (weapon)
 b - a +0 dagger
 u - a +0 spear
Missiles
 d - 30 stones
 l - 2 javelins
Armour
 c - a +0 leather armour
 q - a +0 scale mail (worn)
 v - a +0 helmet (worn)
Magical Staves
 r - a staff of death
Jewellery
 j - a ring of magical power (left hand)
 n - an amulet of regeneration (around neck)
 t - a +6 ring of strength (right hand)
Talismans
 k - a flux talisman
 w - a beast talisman
Scrolls
 e - a scroll of teleportation {unknown}
 g - a scroll of butterflies
 h - 4 scrolls of identify {unknown}
 p - a scroll of poison {unknown}
Potions
 i - a potion of attraction


   Skills:
 - Level 1.7 Fighting
 * Level 5.7 Ranged Weapons
 - Level 1.4 Armour
 - Level 1.7 Dodging
 - Level 0.8 Stealth


You had 4 spell levels left.
You didn't know any spells.
Your spell library contained the following spells:

 Spells                   Type           Power      Damage    Failure   Level
 Call Imp                 Summ           0%         N/A       82%         2
 Sublimation of Blood     Necr           0%         N/A       82%         2
 Summon Hydra             Summ           0%         N/A       100%        7


Dungeon Overview and Level Annotations

Branches:
Dungeon (3/15)


Innate Abilities, Weirdness & Mutations

You have an increased reservoir of magic. (+10% MP)
You shall have no god before yourself.
Your divine heritage dramatically boosts your attributes as you level up.


Message History

You shoot an arrow. The arrow completely misses the orc.
The orc wizard hits you but does no damage.
The orc hits you but does no damage. The orc barely misses you.
Fire: a) +0 shortbow
Press: ? - help, Q - select action, (/) - cycle Shift-Dir - straight line, f/p - orc
Aim: an orc, wielding a +0 whip and wearing a +0 ring mail (almost dead, 65% to hit)
You shoot an arrow. The arrow barely misses the orc.
The orc wizard gestures at you while chanting.
The magic dart hits you! The orc hits you with a +0 hand axe.
* * * LOW HITPOINT WARNING * * *
The orc hits you but does no damage.
The orc wizard gestures at you while chanting.
You resist with some effort. The orc hits you but does no damage. x2
Fire: a) +0 shortbow
Press: ? - help, Q - select action, (/) - cycle Shift-Dir - straight line, f/p - orc
Aim: an orc, wielding a +0 whip and wearing a +0 ring mail (almost dead, 65% to hit)
You shoot an arrow. The arrow closely misses the orc.
The orc wizard closely misses you. The orc hits you with a +0 whip.
* * * LOW HITPOINT WARNING * * *
The orc hits you with a +0 hand axe.
* * * LOW HITPOINT WARNING * * *
It was a potion of attraction.
You feel attractive to monsters.
The orc wizard hits you with a +0 dagger.
* * * LOW HITPOINT WARNING * * *
The orc closely misses you. The orc hits you but does no damage.
It was a potion of brilliance.
You feel clever all of a sudden.
The orc wizard points at you and mumbles some strange words.
You are confused.
The orc hits you with a +0 whip.
* * * LOW HITPOINT WARNING * * *
The orc barely misses you.
It was a potion of cancellation.
Your magical effects are unravelling.
You feel magically purged.
You feel less confused.
You feel a little less clever now. The orc wizard casts a spell at you.
The magic dart hits you!
You die...

##### #..
#...###..
###..[#...#
#.......#
#......#
#<...#
#....#
..##...o##
#.....o@#
#.#...#o#
#.#.###)# .
#.# #)# .
#.# #.#
##.. ..# #.
#.######
...# #.#
#......# #
#.#.
#......#
#.. ...#
##.....#


You could see an orc wizard and 2 orcs.

Vanquished Creatures
  An orc priest (D:2)
  Robin (D:2)
  3 gnolls (D:3)
  3 adders (D:2)
  3 ribbon worms
  An orc (D:3)
  3 ball pythons (D:1)
  3 bats (D:1)
  An endoplasm (D:1)
  5 giant cockroaches
  13 goblins
  6 hobgoblins
  4 jackals (D:1)
  A quokka (D:1)
  3 frilled lizards
  2 kobolds (D:1)
  5 rats
58 creatures vanquished.

Notes
Turn   | Place    | Note
-------+----------+-------------------------------------------
     0 | D:1      | Warped the Demigod Hunter began the quest for the Orb.
     0 | D:1      | Reached XP level 1. HP: 17/17 MP: 3/3
   198 | D:1      | Reached skill level 4 in Ranged Weapons
   222 | D:1      | Reached XP level 2. HP: 21/24 MP: 4/4
   661 | D:2      | Reached XP level 3. HP: 21/29 MP: 5/5
   853 | D:2      | Reached skill level 5 in Ranged Weapons
   978 | D:2      | Noticed Robin
  1057 | D:2      | Reached XP level 4. HP: 36/36 MP: 6/6
  1162 | D:2      | Killed Robin
  1322 | D:2      | Reached skill level 1 in Armour
  1457 | D:3      | Reached XP level 5. HP: 20/41 MP: 7/7
  1461 | D:3      | HP: 2/41 [orc/+0 whip (1)]
  1471 | D:3      | Killed from afar by an orc wizard

Illustrated notes

Levels and vault maps discovered:
D:1:      dpeg_arrival_lava_temple_mockup, layout_basic
D:2:      layout_rooms, uniq_robin
D:3:      layout_rooms, uniq_jessica, uniq_natasha

Skill      XL: |  1  2  3  4 |
---------------+-------------+-----
Ranged Weapons | 4 5 |  5.7
Armour         | 1 |  1.4
Fighting       | |  1.7
Dodging        | |  1.7
Stealth        | |  0.8

Action                     |  1- 3 |  4- 6 || total
---------------------------+-------+-------++-------
   Fire: Shortbow          |   152 |    82 ||   234
    Use: Potion            |       |     7 ||     7
 Armour: Leather armour    |    45 |       ||    45
         Scale mail        |    30 |    94 ||   124
  Dodge: Dodged            |    74 |    44 ||   118

Table legend: (Time is in decaauts)
 A = Elapsed time spent in this place.
 B = Non-inter-level travel time spent in this place.
 C = Inter-level travel time spent in this place.
 D = Time resting spent in this place.
 E = Time spent auto-exploring this place.
 F = Levels seen in this place.
 G = Mean time per level.
                   A        B        C        D        E       F      G
               +--------+--------+--------+--------+--------+-----+--------+
         Total |   1529 |   1428 |    101 |     88 |    831 |   3 |  509.7 |
       Dungeon |   1529 |   1428 |    101 |     88 |    831 |   3 |  509.7 |
               +--------+--------+--------+--------+--------+-----+--------+

Top non-repeatable levels by time:
     D:1: 711 daAuts
     D:2: 701 daAuts
     D:3: 115 daAuts
